 Dungeon Sprint DCSS version bcrawl-1.15.1 (webtiles) character file.

Game seed: 815423127386654099

139 Chiseanne the Skirmisher (level 5, 0/44 HPs)
             Began as a Demonspawn Archaeologist on Oct 2, 2019.
             Slain by Sonja the unseen horror (2 damage)
             ... in the Dungeon (Sprint I: "Red Sonja").
             The game lasted 00:02:30 (321 turns).

Chiseanne the Skirmisher (Demonspawn Archaeologist)  Turns: 321, Time: 00:02:31

Health: 0/44       AC:  8    Str: 12    XL:     5   Next: 1%
Magic:  8/8        EV: 12    Int: 15    God:
Gold:   297        SH:  0    Dex: 12    Spells: 4/4 levels left

rFire    . . .     SeeInvis .   a - +0 dagger (chaos)
rCold    + . .     Gourm    .   (no shield)
rNeg     . . .     Faith    .   p - +0 ring mail
rPois    .         Spirit   .   c - +1 hat
rElec    .         Reflect  .   (no cloak)
rCorr    .         Harm     .   (no gloves)
MR       .....     NoTele   +   d - +1 pair of boots
Stlth    +.........             (no amulet)
HPRegen  0.14/turn              (no ring)
MPRegen  0.11/turn              (no ring)

@: studying Polearms
A: claws 1, cold resistance 1
a: no special abilities


You were in the Dungeon.
You were not hungry.

You visited 1 branch You collected 297 gold pieces.

Inventory:

Hand Weapons
 a - a +0 dagger of chaos (weapon)
Missiles
 l - 132 sling bullets
Armour
 c - a +1 hat (worn)
 d - a +1 pair of boots (worn)
 p - a +0 ring mail (worn)
Wands
 n - a wand of polymorph (4)
Scrolls
 m - a scroll of blinking
Potions
 k - 2 potions of magic
Books
 e - a manual of Polearms
Miscellaneous
 f - an ancient crate
Comestibles
 g - a ration {!d}


   Skills:
 - Level 5.2 Fighting
   Level 0.8 Maces & Flails
 + Level 4.8 Polearms
 - Level 3.5 Armour
 - Level 4.0 Dodging
 - Level 3.0 Stealth
 - Level 5.0 Evocations


You had 4 spell levels left.
You didn't know any spells.
Your spell library was empty.

Dungeon Overview and Level Annotations

Branches:
Dungeon (1/1)

Altars:
Sif Muna
Vehumet
Wu Jian

Annotations:
D Sigmund, Sonja


Innate Abilities, Weirdness & Mutations

You have sharp fingernails.
Your flesh is cold resistant. (rC+)


Message History

You closely miss something. Something hits you.
Something hits you but does no damage. Something hits you!
Something hits you but does no damage.
There is an open door, spattered with blood here.
Something hits you.
You feel yourself speed up. Something hits you.
Something hits you but does no damage. x2
There is an open door, spattered with blood here.
Something hits you. Something hits you. x2
There is an open door, spattered with blood here.
Something hits you but does no damage. Something hits you. Something hits you!
* * * LOW HITPOINT WARNING * * *
There is an open door, spattered with blood here.
Something hits you.
* * * LOW HITPOINT WARNING * * *
All of the chunks of flesh in your inventory have rotted away.
Something is blocking the doorway!
Something hits you.
You die...

################
#<.#..÷).#..'..#
#..)..#..'..#..+
#..#####'#####'#
#..# #..#...#[#
#..# ####..##[#
#..# ##'#_.+
#⌠⌠# +..._# ####
#_@#+# ##'# #.#
$.$ #$)$# ##.##
#+#


There were no monsters in sight!

Vanquished Creatures
  A boggart (D)
  A jelly (D)
  Ijyb (D)
3 creatures vanquished.

Notes
Turn   | Place    | Note
-------+----------+-------------------------------------------
     0 | D        | Chiseanne the Demonspawn Archaeologist began the quest for
                  | the Orb.
     0 | D        | Reached XP level 1. HP: 15/15 MP: 1/1
     1 | D        | Noticed Ijyb
    31 | D        | Killed Ijyb
    31 | D        | Gained mutation: Your flesh is cold resistant. (rC+)
                  | [demonic ancestry]
    31 | D        | Reached XP level 2. HP: 22/24 MP: 1/4
    66 | D        | Noticed an ogre
    68 | D        | Noticed a boggart
    68 | D        | an ogre changed into a boggart
    80 | D        | Killed a boggart
    80 | D        | Reached skill level 5 in Fighting
    80 | D        | Reached skill level 5 in Evocations
    80 | D        | Reached XP level 3. HP: 26/33 MP: 4/6
    80 | D        | Gained mutation: You have sharp fingernails. [demonic
                  | ancestry]
    80 | D        | Reached XP level 4. HP: 31/39 MP: 4/7
   129 | D        | Noticed Sigmund
   165 | D        | Found an ornate altar of the Wu Jian Council.
   165 | D        | Found a shimmering blue altar of Sif Muna.
   167 | D        | Found a radiant altar of Vehumet.
   171 | D        | Reached XP level 5. HP: 23/44 MP: 8/8
   303 | D        | Noticed Sonja
   304 | D        | Sonja changed into something unseen
   320 | D        | HP: 2/44 [something (5)]
   321 | D        | Slain by Sonja the unseen horror

Skill      XL: |  1  2  3  4 |
---------------+-------------+-----
Fighting       | 3 5 |  5.2
Dodging        | 4 |  4.0
Evocations     | 3 5 |  5.0
Armour         | 3 |  3.5
Polearms       | 4 |  4.8
Maces & Flails | |  0.8
Stealth        | |  3.0

Action                   |  1- 3 |  4- 6 || total
-------------------------+-------+-------++-------
Melee: Unarmed           |    14 |       ||    14
       Whip              |     2 |       ||     2
       Dagger            |    12 |    15 ||    27
Evoke: Wand              |     1 |     1 ||     2
  Use: Potion            |     1 |     3 ||     4
 Stab: Petrifying        |     1 |       ||     1
Armor: Skin              |     4 |       ||     4
       Ring mail         |     4 |    11 ||    15
Dodge: Dodged            |    17 |     3 ||    20
